 Dungeon Crawl Stone Soup version 0.19.5 (webtiles) character file.

1381 Lizzreth the Slicer (level 8, -1/56 HPs)
             Began as a Demonspawn Assassin on Mar 17, 2017.
             Was a Believer of Cheibriados.
             Slain by a worker ant (2 damage)
             ... on level 6 of the Dungeon.
             The game lasted 00:25:27 (7163 turns).

Lizzreth the Slicer (Demonspawn Assassin)           Turns: 7163, Time: 00:25:27

Health: -1/56      AC: -8    Str: 18    XL:     8   Next: 39%
Magic:  8/8        EV: 17    Int: 17    God:    Cheibriados [**....]
Gold:   266        SH:  0    Dex: 26    Spells: 0 memorised, 7 levels left

rFire  + . .     SeeInvis .     y - +4 Vampire's Tooth {vamp}
rCold  . . .     Gourm    .     c - +0 robe
rNeg   + . .     Faith    .     (no shield)
rPois  .         Spirit   .     (helmet restricted)
rElec  .         Reflect  .     d - +1 cloak
rCorr  .         Harm     .     G - +0 pair of gloves
MR     .....                    (no boots)
Stlth  ++++......               (no amulet)
                                E - ring of protection from fire
                                A - ring of positive energy (curse)

@: agile, corroded, very slightly contaminated, invisible, very slow
A: antennae 1, thin metallic scales 2, rot immunity
a: Bend Time, Renounce Religion


You were on level 6 of the Dungeon.
You worshipped Cheibriados.
Cheibriados was pleased with you.
You were hungry.

You visited 1 branch of the dungeon, and saw 6 of its levels.

You collected 266 gold pieces.

Inventory:

Hand Weapons
 a - a +2 dagger
 b - a +0 blowgun
 s - a +4 flail
 y - the +4 Vampire's Tooth (weapon) {vamp}
   (You found it on level 4 of the Dungeon)

   It inflicts no extra harm, but heals its wielder when it wounds a living foe.
Missiles
 f - 2 curare-tipped needles
 j - 29 poisoned needles
Armour
 c - a +0 robe (worn)
 d - a +1 cloak (worn)
 G - a +0 pair of gloves (worn)
Jewellery
 A - a cursed ring of positive energy (left hand)
 E - a ring of protection from fire (right hand)
Wands
 u - a wand of disintegration (12/24)
 z - a wand of slowing (36/48)
 K - a wand of disintegration (16/24)
Scrolls
 l - 2 scrolls of amnesia
 m - a scroll of remove curse
 v - a scroll of recharging {unknown}
 w - 2 scrolls of identify
 C - a scroll of fear
 H - a scroll of immolation {unknown}
 I - a scroll of teleportation {unknown}
 L - a scroll of enchant armour
Potions
 e - a potion of resistance
 h - a potion of heal wounds {unknown}
 k - 3 potions of curing
 o - 3 potions of haste
 p - a potion of flight {unknown}
 t - 3 potions of agility
 B - a potion of brilliance {unknown}
 D - a potion of lignification {unknown}
Books
 x - a book of Maledictions

   Spells                             Type                      Level
   a - Corona                         Hexes                        1
   b - Ensorcelled Hibernation        Hexes/Ice                    2
   c - Confuse                        Hexes                        3
   d - Tukima's Dance                 Hexes                        3
   e - Dazzling Spray                 Conjuration/Hexes            3
 F - a book of the Warp

   Spells                             Type                      Level
   a - Gell's Gravitas                Hexes/Translocation          3
   b - Portal Projectile              Translocation                3
   c - Force Lance                    Conjuration/Translocation    4
   d - Dispersal                      Translocation                6
   e - Controlled Blink               Translocation                8
   f - Disjunction                    Translocation                8
Comestibles
 g - 3 bread rations
 i - 3 fruits
 n - 5 meat rations
 q - a beef jerky
 r - 2 slices of pizza


   Skills:
 - Level 2.0 Fighting
 + Level 9.6 Short Blades
 - Level 1.7 Throwing
 - Level 0.8 Dodging
 - Level 3.6 Stealth


You had 7 spell levels left.
You didn't know any spells.

Dungeon Overview and Level Annotations

Branches:
Dungeon (6/15)
 Temple: D:4-7

Altars:
Ashenzari
Cheibriados
Kikubaaqudgha
Nemelex Xobeh
Okawaru
Yredelemnul


Innate Abilities, Weirdness & Mutations

You have a pair of small antennae on your head.
You are mostly covered in thin metallic scales. (AC +3)
You are immune to rotting.


Message History

The worker ant barely misses you. The orc closely misses you.
The jelly misses you.
You are very lightly contaminated with residual magic.
You feel agile all of a sudden. The worker ant misses you.
The orc barely misses you. The jelly barely misses you.
You feel better. The worker ant misses you. The orc misses you.
The jelly closely misses you. The worker ant misses you.
You are too injured to fight recklessly!
You are too injured to fight recklessly!
You hit the jelly but do no damage.
Your hands burn!
* * * LOW HITPOINT WARNING * * *
The jelly is almost dead.
The jelly completely misses you. The jelly hits you.
* * * LOW HITPOINT WARNING * * *
The acid corrodes you!
You are splashed with acid!
The acid burns!
* * * LOW HITPOINT WARNING * * *
The worker ant bites you.
You die...

..#....# #........# ..#....#
+........# ..#....#+###
#........#
..#........########........#
..#..................#
###..............o...#
..#..................#
..#....####.....Ja...#
..#....#..).....@....#
⌠.#....#..#.†........#
..#....#..#..........#
⌠.....##..#......#####
......#...#......#...#
......#...#......#...#
......#...#......#...#
......#...#......#<..#
......#............###


You could see a jelly, a worker ant and an orc (wandering).

Vanquished Creatures
  A water moccasin (D:6)
  A sky beast (D:5)
  An ice beast (D:6)
  An ogre (D:5)
  A centaur (D:6)
  A bullfrog (D:6)
  A scorpion (D:5)
  A howler monkey (D:4)
  2 vampire bats (D:4)
  A bullfrog zombie (D:5)
  3 hounds
  3 orc priests (D:3)
  2 centaur skeletons (D:6)
  An iguana (D:5)
  A bullfrog skeleton (D:4)
  2 worker ants
  4 orc wizards
  8 adders
  An ooze (D:2)
  An adder skeleton (D:5)
  3 worms
  2 dart slugs
  A leopard gecko (D:5)
  16 orcs
  A ball python (D:5)
  12 bats
  5 giant cockroaches
  9 goblins
  11 hobgoblins
  6 jackals
  3 quokkas
  6 frilled lizards
  4 kobolds
  2 leopard gecko skeletons (D:5)
  17 rats
135 creatures vanquished.

Notes
Turn   | Place    | Note
-------+----------+-------------------------------------------
     0 | D:1      | Lizzreth the Demonspawn Assassin began the quest for the Orb.
     0 | D:1      | Reached XP level 1. HP: 16/16 MP: 1/1
    15 | D:1      | Reached skill level 2 in Short Blades
   422 | D:1      | Gained mutation: You have a pair of small antennae on your head. [demonic ancestry]
   422 | D:1      | Reached XP level 2. HP: 20/22 MP: 2/2
   825 | D:1      | Reached skill level 3 in Short Blades
  1019 | D:2      | Gained mutation: You are partially covered in thin metallic scales. (AC +2) [demonic ancestry]
  1019 | D:2      | Reached XP level 3. HP: 23/27 MP: 3/3
  1662 | D:2      | Reached skill level 4 in Short Blades
  1662 | D:2      | Gained mutation: You are mostly covered in thin metallic scales. (AC +3) [demonic ancestry]
  1662 | D:2      | Reached XP level 4. HP: 16/33 MP: 4/4
  2394 | D:2      | Found a basalt altar of Yredelemnul.
  2394 | D:2      | Found an ancient bone altar of Kikubaaqudgha.
  2394 | D:2      | Found a sparkling altar of Nemelex Xobeh.
  3255 | D:3      | Reached skill level 5 in Short Blades
  3255 | D:3      | Reached XP level 5. HP: 21/38 MP: 5/5
  4182 | D:3      | Reached XP level 6. HP: 21/44 MP: 6/6
  4644 | D:3      | Found a shattered altar of Ashenzari.
  4648 | D:3      | Found a snail-covered altar of Cheibriados.
  4651 | D:3      | Found an iron altar of Okawaru.
  4659 | D:3      | Became a worshipper of Cheibriados the Contemplative
  4856 | D:4      | Reached skill level 6 in Short Blades
  5514 | D:4      | Reached * piety under Cheibriados
  5537 | D:5      | Entered Level 5 of the Dungeon
  5651 | D:5      | Noticed a sky beast
  5676 | D:5      | Killed a sky beast
  5676 | D:5      | Reached skill level 7 in Short Blades
  5676 | D:5      | Reached XP level 7. HP: 42/50 MP: 7/7
  6006 | D:5      | Reached skill level 8 in Short Blades
  6808 | D:5      | Reached ** piety under Cheibriados
  6883 | D:6      | Gained mutation: You are immune to rotting. [demonic ancestry]
  6883 | D:6      | Reached XP level 8. HP: 56/56 MP: 8/8
  6937 | D:6      | Reached skill level 9 in Short Blades
  7088 | D:6      | Found a sparkling altar of Nemelex Xobeh.
  7162 | D:6      | HP: 1/56 [acid (9)]
  7163 | D:6      | Slain by a worker ant

Skill      XL: |  1  2  3  4  5  6  7  8 |
---------------+-------------------------+-----
Short Blades   | 2 3 4 5 7 8 9 |  9.6
Fighting       | |  2.0
Throwing       | |  1.7
Dodging        | |  0.8
Stealth        | |  3.6

Action                   |  1- 3 |  4- 6 |  7- 9 || total
-------------------------+-------+-------+-------++-------
Melee: Dagger            |   128 |   279 |   172 ||   579
       Flail             |    11 |       |       ||    11
 Fire: Blowgun           |       |    19 |       ||    19
  Use: Scroll            |     2 |     6 |       ||     8
       Potion            |       |     4 |     3 ||     7
 Stab: Sleeping          |     8 |     9 |     6 ||    23
       Distracted        |     1 |       |     1 ||     2
  Eat: Chunk             |     2 |     5 |     2 ||     9
       Bread ration      |       |     3 |       ||     3
Armor: Robe              |    28 |    87 |    45 ||   160
Dodge: Dodged            |    71 |   148 |    99 ||   318
